 Dungeon Crawl Stone Soup version 0.20-a0-959-gdc9e609 (webtiles) character file.

4131 crawlian the Arsonist (level 10, -3/54 HPs)
             Began as a Deep Elf Fire Elementalist on Apr 6, 2017.
             Was a Believer of Vehumet.
             Slain by a two-headed ogre
             ... wielding a +0 giant spiked club
              (7 damage)
             ... on level 10 of the Dungeon.
             The game lasted 00:20:47 (3469 turns).

crawlian the Arsonist (Deep Elf Fire Elementalist)  Turns: 3469, Time: 00:20:48

Health: -3/54      AC:  9    Str:  8    XL:     10   Next: 6%
Magic:  2/24       EV: 14    Int: 24    God:    Vehumet [**....]
Gold:   294        SH:  0    Dex: 15    Spells: 8/25 levels left

rFire    + . .     SeeInvis .   J - +10 long sword of Fedhas's Castigation {drain, Fragile +Inv Str+3}
rCold    + + .     Gourm    .   (no shield)
rNeg     . . .     Faith    +   A - +2 robe {rC+ rF+}
rPois    .         Spirit   .   w - +2 helmet
rElec    .         Reflect  .   l - scarf {rC+}
rCorr    +         Harm     .   C - +0 pair of gloves
MR       +....                  y - +0 pair of boots
Stlth    +++.......             a - amulet of faith
Regen    0.2/turn               D - ring of stealth
MPRegen  0.2/turn               h - ring of resist corrosion

@: no status effects
A: no striking features
a: Renounce Religion, Evoke Invisibility


You were on level 10 of the Dungeon.
You worshipped Vehumet.
Vehumet was pleased with you.
You were not hungry.

You visited 2 branches of the dungeon, and saw 11 of its levels.

You collected 294 gold pieces.

Inventory:

Hand Weapons
 r - a +0 dagger of venom
 J - the +10 long sword of Fedhas's Castigation (weapon) {drain, Fragile +Inv Str+3}
   (You found it on level 9 of the Dungeon)

   A truly terrible weapon, it drains the life of those it strikes.
   It affects your strength (+3).
   It lets you turn invisible.
   It will be destroyed if unequipped.
Armour
 l - a scarf of cold resistance (worn)
 u - a +0 cloak
 w - a +2 helmet (worn)
 y - a +0 pair of boots (worn)
 A - a +2 robe of resistance (worn)
 C - a +0 pair of gloves (worn)
 H - a +1 leather armour of positive energy
Jewellery
 a - an amulet of faith (around neck)
 g - an uncursed ring of flight
 h - a ring of resist corrosion (right hand)
 o - an uncursed ring of positive energy
 D - a ring of stealth (left hand)
 E - an uncursed amulet of guardian spirit {unknown}
Wands
 f - a wand of paralysis (12/24)
Scrolls
 d - 4 scrolls of teleportation
 e - 3 scrolls of amnesia
 i - 2 scrolls of magic mapping
 j - 2 scrolls of random uselessness {unknown}
 p - 2 scrolls of enchant weapon {unknown}
 t - a scroll of remove curse {unknown}
 v - 2 scrolls of identify
 F - 2 scrolls of summoning {unknown}
 G - a scroll of noise {unknown}
 K - a scroll of fear {unknown}
Potions
 m - a potion of haste
 n - 4 potions of resistance
 s - 2 potions of brilliance
 x - 2 potions of flight
 I - a potion of invisibility
 L - a potion of curing {unknown}
Books
 b - a book of Flames

   Spells                             Type                      Level
   a - Flame Tongue                   Conjuration/Fire             1
   b - Throw Flame                    Conjuration/Fire             2
   c - Conjure Flame                  Conjuration/Fire             3
   d - Inner Flame                    Hexes/Fire                   3
   e - Sticky Flame                   Conjuration/Fire             4
   f - Fireball                       Conjuration/Fire             5
 B - a book of Conjurations

   Spells                             Type                      Level
   a - Magic Dart                     Conjuration                  1
   b - Searing Ray                    Conjuration                  2
   c - Dazzling Spray                 Conjuration/Hexes            3
   d - Fulminant Prism                Conjuration/Hexes            4
   e - Force Lance                    Conjuration/Translocation    4
   f - Iskenderun's Mystic Blast      Conjuration                  4
Comestibles
 c - 3 bread rations
 k - a royal jelly
 q - 2 meat rations
 z - 6 fruits


   Skills:
 + Level 2.5 Fighting
 + Level 4.3 Dodging
 - Level 2.4 Stealth
 + Level 8.2 Spellcasting
 * Level 9.4 Conjurations
 * Level 10.0 Fire Magic
 + Level 3.1 Evocations


You had 8 spell levels left.
You knew the following spells:

 Your Spells              Type           Power        Failure   Level  Hunger
a - Flame Tongue          Conj/Fire      #####        1%          1    None
b - Conjure Flame         Conj/Fire      ######..     1%          3    None
c - Sticky Flame          Conj/Fire      ######..     1%          4    ##.....
d - Fireball              Conj/Fire      ######....   3%          5    #####..
e - Iskenderun's Mystic   Conj           ######..     1%          4    ##.....


Dungeon Overview and Level Annotations

Branches:
Dungeon (10/15)            Temple (1/1) D:5
   Lair: D:8-11         Orc: D:9-12

Altars:
Ashenzari
Cheibriados
Dithmenos
Elyvilon
Hepliaklqana
Kikubaaqudgha
Makhleb
Nemelex Xobeh
Okawaru
Qazlal
Ru
Trog
Uskayaw
Vehumet
Wu Jian
Yredelemnul
Zin
The Shining One

Shops:
D:4 :   D:6 (

Annotations:
D:2 exclusion: Crazy Yiuf
D:3 Natasha; herpmino's ghost, amateur OpGl
D:6 exclusion: downstairs
D:10 1 exclusion


Message History

Press: ? - help, Shift-Dir - straight line, f - two-headed ogre, p - hippogriff
Aim: a two-headed ogre, wielding a giant spiked club and a giant club (severely wounded, chance to defeat MR: 37%)
The two-headed ogre easily resists.
Evoking this partially-identified wand wasted a few charges.
Evoke which item? (* to show all) (? for menu, Esc to quit)
Aiming: Paralyse (will waste charges)
Press: ? - help, Shift-Dir - straight line, f/p - two-headed ogre
Aim: a two-headed ogre, wielding a giant spiked club and a giant club (severely wounded, chance to defeat MR: 37%)
The two-headed ogre easily resists.
Evoking this partially-identified wand wasted a few charges.
Unknown command.
You barely miss the two-headed ogre.
The two-headed ogre is severely wounded.
The two-headed ogre hits you with a giant spiked club.
The two-headed ogre hits you with a giant club!!
The two-headed ogre hits you with a giant spiked club!!
Ouch! That really hurt!
* * * LOW HITPOINT WARNING * * *
The two-headed ogre hits you with a giant club!
You die...

.........'.....#......##
.........#.....#.......#
.........#.....#...H...#
.........#.....#......##
#####...##.....#......##
.######'#......#.......#
...(....#.[....#.......#
........'......#O......+
........#......#@#######
##.##...#...............
# ###########.........
#.)....... #.........
#......... ###+######


You could see a two-headed ogre and a hippogriff (paralysed).

Vanquished Creatures
  A two-headed ogre (D:9)
  A hornet (D:7)
  9 yaks (D:9)
  Eustachio (D:6)
  A sky beast (D:7)
  An ice beast (D:5)
  An orc warrior (D:9)
  An ogre (D:10)
  4 centaurs
  3 bullfrogs
  A scorpion (D:5)
  3 killer bees (D:9)
  4 howler monkeys
  An electric eel (D:9)
  A crimson imp (D:5)
  A hound (D:5)
  2 quasits (D:5)
  An orc priest (D:4)
  Crazy Yiuf (D:2)
  5 orc wizards
  Natasha (twice) (D:3)
  A worker ant (D:4)
  A howler monkey zombie (D:7)
  A worker ant zombie (D:9)
  A howler monkey skeleton (D:6)
  6 adders
  A shadow imp (D:7)
  2 oozes (D:2)
  An adder skeleton (D:4)
  3 worms
  A dart slug (D:3)
  2 leopard geckos
  29 orcs
  2 ball pythons (D:3)
  8 bats
  5 giant cockroaches
  10 goblins
  5 hobgoblins
  4 jackals
  5 quokkas
  6 frilled lizards
  2 gnoll zombies (D:6)
  A kobold (D:3)
  5 rats
147 creatures vanquished.

Notes
Turn   | Place    | Note
-------+----------+-------------------------------------------
     0 | D:1      | crawlian the Deep Elf Fire Elementalist began the quest for the Orb.
     0 | D:1      | Reached XP level 1. HP: 10/10 MP: 6/6
   335 | D:2      | Reached XP level 2. HP: 15/15 MP: 2/8
   373 | D:2      | Found a sparkling altar of Nemelex Xobeh.
   407 | D:2      | Reached skill level 4 in Fire Magic
   514 | D:2      | Reached XP level 3. HP: 19/19 MP: 5/9
   521 | D:2      | Learned a level 3 spell: Conjure Flame
   543 | D:2      | Found a runed door.
   547 | D:2      | Noticed Crazy Yiuf
   568 | D:2      | Killed Crazy Yiuf
   637 | D:1      | Reached XP level 4. HP: 18/24 MP: 2/11
   646 | D:1      | Learned a level 4 spell: Sticky Flame
   886 | D:3      | Found a sacrificial altar of Ru.
   972 | D:3      | Noticed Natasha
   976 | D:3      | Killed Natasha
   991 | D:3      | Reached XP level 5. HP: 18/28 MP: 6/13
  1025 | D:3      | Noticed Natasha
  1048 | D:3      | Killed Natasha
  1048 | D:3      | Reached skill level 5 in Fire Magic
  1087 | D:3      | Found a hide-covered altar of Uskayaw.
  1388 | D:3      | Noticed Natasha
  1389 | D:3      | Noticed herpmino's ghost (amateur OpGl)
  1558 | D:4      | Found Vufiyxt's Book Shoppe.
  1579 | D:4      | Reached XP level 6. HP: 26/32 MP: 9/14
  1682 | D:4      | Found a glowing golden altar of the Shining One.
  1828 | D:4      | Found an ornate altar of the Wu Jian Council.
  1839 | D:4      | Learned a level 5 spell: Fireball
  1923 | D:5      | Entered Level 5 of the Dungeon
  1927 | D:5      | Reached skill level 5 in Conjurations
  1995 | D:5      | Reached skill level 5 in Spellcasting
  1995 | D:5      | Reached skill level 6 in Fire Magic
  2033 | D:5      | Found a staircase to the Ecumenical Temple.
  2044 | D:5      | Noticed an ice beast
  2051 | D:5      | Killed an ice beast
  2051 | D:5      | Reached XP level 7. HP: 30/36 MP: 12/16
  2055 | Temple   | Entered the Ecumenical Temple
  2143 | Temple   | Became a worshipper of Vehumet
  2187 | D:5      | Found an ancient bone altar of Kikubaaqudgha.
  2339 | D:5      | Found a shattered altar of Ashenzari.
  2483 | D:6      | Reached skill level 7 in Fire Magic
  2534 | D:7      | Reached XP level 8. HP: 21/41 MP: 6/19
  2601 | D:6      | Found a basalt altar of Yredelemnul.
  2663 | D:6      | Reached * piety under Vehumet
  2663 | D:6      | Offered knowledge of Sting by Vehumet.
  2680 | D:6      | Noticed Eustachio
  2724 | D:6      | Killed Eustachio
  2890 | D:6      | Learned a level 4 spell: Iskenderun's Mystic Blast
  2909 | D:6      | Found Suemmuqa's Weapon Boutique.
  2922 | D:6      | Reached skill level 8 in Fire Magic
  3009 | D:7      | Noticed a hornet
  3019 | D:7      | Killed a hornet
  3053 | D:9      | Noticed a two-headed ogre
  3067 | D:9      | Killed a two-headed ogre
  3067 | D:9      | Reached skill level 1 in Fighting
  3067 | D:9      | Reached skill level 9 in Fire Magic
  3067 | D:9      | Reached skill level 1 in Evocations
  3067 | D:9      | Reached XP level 9. HP: 47/47 MP: 3/22
  3076 | D:9      | Got a shimmering long sword
  3079 | D:9      | Identified the +10 long sword of Fedhas's Castigation {drain, Fragile +Inv Str+3} (You found it on level 9 of the Dungeon)
  3215 | D:9      | Reached ** piety under Vehumet
  3217 | D:9      | Offered knowledge of Throw Frost by Vehumet.
  3332 | D:9      | Reached XP level 10. HP: 54/54 MP: 2/24
  3364 | D:10     | Entered Level 10 of the Dungeon
  3380 | D:10     | Reached skill level 10 in Fire Magic
  3450 | D:10     | Noticed a two-headed ogre
  3469 | D:10     | Slain by a two-headed ogre

Vault maps used:
D:1:      evilmike_arrival_hilbert_curve, hangedman_decor_points
D:2:      nemelex_altar_shiori, minmay_tetromino_o4, uniq_crazy_yiuf_cottage
D:3:      eat_drink_and_be_merry_uskayaw, first_bread, minmay_liquid_box,
          nicolae_ru_sacrificial_ziggurat, uniq_natasha
D:4:      lemuel_round_altar, serial_shops, shop_fountains, tso_metal_star
D:5:      lemuel_upstairs_altar, ashenzari_conservatory_becter,
          kiku_gazebo_garden_becter, minmay_temple_entry_water_ring,
          bh_walls_and_bars
D:6:      lemuel_zombie_altar_yredelemnul, serial_shops, shop, uniq_eustachio,
          uniq_menkaure, uniq_blork_the_orc
D:7:      serial_bayou, serial_bayou_pond_a, serial_bayou_lake_a,
          serial_bayou_ford_a, serial_bayou_shore_a, serial_shops,
          nicolae_shop_stone, the_bakery
D:8:      kennysheep_six_static_rooms, lemuel_blue_sif_altar,
          corexii_hall_statues_t
D:9:      minmay_misc_feat_enclosed
D:10:     serial_shops, nicolae_shop_crystal
Temple:   regret_index_temple_generic_petals

Skill      XL: |  1  2  3  4  5  6  7  8  9 10 |
---------------+-------------------------------+-----
Fire Magic     | 4 5 6 7 9 10 | 10.0
Conjurations   | 2 3 4 5 6 8 9 |  9.4
Spellcasting   | 4 5 6 7 8 |  8.2
Fighting       | 1 2 |  2.5
Dodging        | 3 4 |  4.3
Evocations     | 1 3 |  3.1
Stealth        | |  2.4

Action                   |  1- 3 |  4- 6 |  7- 9 | 10-12 || total
-------------------------+-------+-------+-------+-------++-------
Melee: Short sword       |     8 |       |       |       ||     8
       Quarterstaff      |     6 |    23 |    18 |       ||    47
       Long sword        |       |       |     2 |     1 ||     3
 Cast: Flame Tongue      |    41 |   101 |    80 |     1 ||   223
       Conjure Flame     |     1 |       |     9 |       ||    10
       Sticky Flame      |       |     7 |    10 |       ||    17
       Fireball          |       |       |     4 |     5 ||     9
       Iskenderun's Myst |       |       |       |     1 ||     1
Evoke: Wand              |       |       |       |     3 ||     3
  Use: Potion            |       |     4 |       |       ||     4
       Scroll            |       |     2 |     5 |       ||     7
 Stab: Sleeping          |     4 |     1 |     4 |       ||     9
  Eat: Chunk             |       |     5 |     1 |       ||     6
       Royal jelly       |       |       |     2 |     1 ||     3
Armor: Robe              |     3 |    16 |     8 |       ||    27
Dodge: Dodged            |    21 |    39 |    29 |       ||    89
